Flames vs Rangers (R1)

Created - 30 décembre 2016 at 21:28

Goals
1 2 3 T
Flames 2 1 2 5
Rangers 1 0 2 3
Shots
1 2 3 T
Flames 10 10 15 35
Rangers 17 10 19 46

1st period

1. Flames , Brad Marchand 4 (Patrik Berglund, Erik Johnson) at 5:37
2. Rangers , Patrice Bergeron 15 (Milan Lucic, Drew Stafford) at 7:45
3. Flames , Patrik Berglund 10 (Brad Marchand, Tomas Kaberle) at 8:55

Penalties :
Stephen Weiss (NYR) for Holding (Minor) at 1:42, Erik Johnson (Cal) for High sticking (Minor) at 12:36

2nd period

4. Flames , David Backes 9 (Ron Hainsey) at 13:53

Penalties :
Erik Johnson (Cal) for Hooking (Minor) at 2:44, Alexander Semin (Cal) for Interference (Minor) at 4:08, Tomas Kaberle (Cal) for Holding (Minor) at 7:59

3rd period

5. Rangers , Mark Fistric 1 (Jakob Silfverberg) at 1:32 (PP)
6. Flames , Erik Johnson 5 (Eric Staal, Alexander Semin) at 4:46 (PP)
7. Rangers , Jakob Silfverberg 10 (Stephen Weiss) at 5:44
8. Flames , Michel Ouellet 4 (Marcel Goc) at 12:26

Penalties :
Tomas Kaberle (Cal) for High sticking (Minor) at 0:59, Cam Barker (NYR) for Interference (Minor) at 3:32, Eric Staal (Cal) for Boarding (Minor) at 6:02, Jakob Silfverberg (NYR) for Tripping (Minor) at 14:12

Goalie Stats

Pekka Rinne (Cal), 43 saves from 46 shots - (0,935), W, 11-11-2, 60:00 minutes
Hannu Toivonen (NYR), 30 saves from 35 shots - (0,857), L, 2-4-1, 60:00 minutes

Players Stats for Flames

Player Name              G  A  P  +/- PIM S  H  SB GA TA FO     MP     PP MP  PK MP  
------------------------------------------------------------------------------------
Alexander Semin          0  1  1   0  2   1  1  0  1  0  2/2    21:56   3:29   3:11 
Brad Marchand            1  1  2   1  0   4  0  1  0  2  0/0    14:57   0:00   1:48 
Colin Wilson             0  0  0   0  0   0  0  0  0  0  1/1     7:21   0:00   0:18 
David Backes             1  0  1   0  0   5  3  0  1  1  0/0    18:22   3:29   0:00 
Derek Meech              0  0  0   0  0   2  1  2  1  1  0/0    24:00   1:41   2:51 
Eric Staal               0  1  1   0  2   2  2  2  0  0  17/33  21:59   3:29   3:01 
Erik Johnson             1  1  2   1  4   1  1  0  0  0  0/0    19:17   3:31   2:51 
Jordin Tootoo            0  0  0   1  0   1  3  0  0  0  0/3    18:35   0:00   5:15 
Marcel Goc               0  1  1   1  0   2  1  0  1  1  11/18  15:05   0:00   5:22 
Mark Bell                0  0  0   0  0   0  0  0  0  0  0/0     6:49   0:00   0:06 
Michel Ouellet           1  0  1   1  0   5  0  1  0  0  2/2    11:12   1:43   0:00 
Noah Welch               0  0  0   0  0   1  1  0  0  0  0/0     6:57   0:00   0:06 
Patrik Berglund          1  1  2   1  0   4  1  0  0  1  2/14   14:14   1:43   0:00 
Robyn Regehr             0  0  0   1  0   0  1  2  0  1  0/0    16:02   1:41   0:06 
Ron Hainsey              0  1  1   1  0   1  0  1  1  0  0/0    14:38   0:00   5:19 
Steve Eminger            0  0  0   0  0   0  2  1  0  2  0/0    27:18   0:00   5:19 
Steve Regier             0  0  0   1  0   1  0  0  0  0  0/1    12:09   1:43   0:00 
Tomas Kaberle            0  1  1   1  4   5  0  0  2  1  0/0    18:35   3:31   3:23 

Players Stats for Rangers

Player Name              G  A  P  +/- PIM S  H  SB GA TA FO     MP     PP MP  PK MP  
------------------------------------------------------------------------------------
Alexei Emelin            0  0  0  -1  0   0  3  0  0  0  0/0    10:41   0:00   2:25 
Artem Anisimov           0  0  0   0  0   0  0  0  0  0  2/5     7:50   0:00   1:29 
Cam Barker               0  0  0   0  2   3  2  1  1  0  0/0    30:19   6:26   2:20 
Chris Bourque            0  0  0  -2  0   1  3  0  1  2  0/0    10:45   0:01   0:54 
Drew Stafford            0  1  1   0  0   5  0  2  1  0  0/2    21:33   5:23   0:00 
Gustav Nyquist           0  0  0  -2  0   2  0  0  1  0  0/0     9:50   0:01   0:00 
Jakob Silfverberg        1  1  2   0  2   7  0  1  1  0  0/0    17:02   4:29   0:00 
Mark Fistric             1  0  1  -2  0   4  0  1  0  2  0/0    24:33   6:26   2:25 
Matt Greene              0  0  0   0  0   0  1  0  0  0  0/0     9:04   3:27   2:47 
Matt Read                0  0  0   0  0   1  1  0  0  0  0/0     7:50   0:00   1:29 
Mike Cammalleri          0  0  0   0  0   0  2  0  1  0  1/1    17:02   4:29   0:00 
Milan Lucic              0  1  1   0  0   5  3  0  2  1  2/3    21:33   5:23   0:00 
Nick Foligno             0  0  0   0  0   0  1  1  0  0  0/0     9:11   0:00   2:49 
Patrice Bergeron         1  0  1   0  0   8  2  0  0  1  18/31  22:28   5:23   0:54 
Ryan Suter               0  0  0   1  0   1  0  0  0  0  0/0    24:51   3:27   0:27 
Staffan Kronwall         0  0  0  -2  0   3  1  2  0  1  0/0    20:31   0:00   0:00 
Stephen Weiss            0  1  1   0  2   2  4  1  2  0  12/18  17:02   4:29   0:00 
Valtteri Filppula        0  0  0  -2  0   4  1  2  0  0  4/14   12:40   0:01   2:49 

3 Stars

1 - Patrik Berglund (Cal)
2 - Brad Marchand (Cal)
3 - David Backes (Cal)

Power Play

Flames - 1 on 3 Attempt(s) - 33,33%
Rangers - 1 on 6 Attempt(s) - 16,67%

Penalty Kill

Flames - 5 on 6 Attempt(s) - 83,33% - Score 0 goal in Penalty Kill
Rangers - 2 on 3 Attempt(s) - 66,67% - Score 0 goal in Penalty Kill

Team Stat

Flames - Hits : 17 - Faceoff Wins : 35 - Blocked Shots : 10 - Penalty Minutes : 12
Rangers - Hits : 24 - Faceoff Wins : 39 - Blocked Shots : 11 - Penalty Minutes : 6

Official

Referees : Leggo Mike and Walsh Ian
Linesman : Greg Devorski and Brian Mach

Game Notes

No Game Note

Finance

Level 1 -- Attendance: 4321 (72,02%) -- Ticket Income 388 890 $
Level 2 -- Attendance: 4203 (84,06%) -- Ticket Income 231 165 $
Level 3 -- Attendance: 1816 (90,80%) -- Ticket Income 54 480 $
Level 4 -- Attendance: 3875 (96,88%) -- Ticket Income 77 500 $
Luxury Box -- Attendance: 699 (69,90%) -- Ticket Income 122 325 $
Game was played at the Madison Square Garden.
Total Attendance: 14914 (82,86%)
Total Ticket Income: 874 360 $
Other Income: 131 154 $
Total Income: 1 005 514 $

Flames

5 vs 5 Forward 
   Center                   Left Wing                Right Wing               Time % Phy DF OF 
 1 Eric Staal               Alexander Semin          David Backes             39     1   2  2  
 2 Patrik Berglund          Brad Marchand            Jordin Tootoo            30     1   2  2  
 3 Marcel Goc               Steve Regier             Michel Ouellet           21     1   2  2  
 4 Colin Wilson             Mark Bell                Noah Welch               10     1   2  2  

5 vs 5 Defense 
   Defense                  Defense                                           Time % Phy DF OF 
 1 Derek Meech              Steve Eminger                                     40     1   2  2  
 2 Robyn Regehr             Erik Johnson                                      30     1   2  2  
 3 Tomas Kaberle            Ron Hainsey                                       20     1   2  2  
 4 Tomas Kaberle            Steve Eminger                                     10     1   2  2  

PowerPlay Forward 
   Center                   Left Wing                Right Wing               Time % Phy DF OF 
 1 Eric Staal               Alexander Semin          David Backes             60     1   1  3  
 2 Patrik Berglund          Steve Regier             Michel Ouellet           40     1   1  3  

PowerPlay Defense
   Defense                  Defense                                           Time % Phy DF OF 
 1 Tomas Kaberle            Erik Johnson                                      60     1   1  3  
 2 Derek Meech              Robyn Regehr                                      40     1   1  3  

Penalty Kill 4 Players Forward 
   Center                   Wing                     Time % Phy DF OF 
 1 Marcel Goc               Jordin Tootoo            60     1   3  1  
 2 Eric Staal               Alexander Semin          40     1   3  1  

Penalty Kill 4 Players Defense
   Defense                  Defense                  Time % Phy DF OF 
 1 Ron Hainsey              Steve Eminger            60     1   4  0  
 2 Tomas Kaberle            Erik Johnson             40     1   4  0  

Penalty Kill - 3 Players Forward 
   Forward                                           Time % Phy DF OF 
 1 Eric Staal                                        60     1   4  0  
 2 Alexander Semin                                   40     1   4  0  

Penalty Kill - 3 Players Defense
   Defense                  Defense                  Time % Phy DF OF 
 1 Ron Hainsey              Steve Eminger            60     1   4  0  
 2 Tomas Kaberle            Erik Johnson             40     1   4  0  

4 vs 4 Forward 
   Center                   Wing                     Time % Phy DF OF 
 1 Eric Staal               Alexander Semin          60     1   2  2  
 2 Patrik Berglund          Jordin Tootoo            40     1   2  2  

4 vs 4 Defense
   Defense                  Defense                  Time % Phy DF OF 
 1 Derek Meech              Steve Eminger            60     1   2  2  
 2 Tomas Kaberle            Erik Johnson             40     1   2  2  

Last Minutes Offensive
   Center                   Left Wing                Right Wing               Defense                  Defense                  
   Eric Staal               Alexander Semin          David Backes             Erik Johnson             Steve Eminger            

Last Minutes Defensive
   Center                   Left Wing                Right Wing               Defense                  Defense                  
   Eric Staal               Alexander Semin          David Backes             Erik Johnson             Steve Eminger            

Goaltenders
Starting : Pekka Rinne              
Backup : Craig Anderson           

Extra Forwards
Normal : Alexander Semin, Jordin Tootoo, Steve Regier - PP : Jordin Tootoo, Steve Regier - PK : Brad Marchand
Extra Defensemen
Normal : Erik Johnson, Tomas Kaberle, Ron Hainsey - PP : Steve Eminger - PK : Erik Johnson, Derek Meech
Penalty Shots
Eric Staal, Alexander Semin, Patrik Berglund, David Backes, Colin Wilson

Rangers

5 vs 5 Forward 
   Center                   Left Wing                Right Wing               Time % Phy DF OF 
 1 Patrice Bergeron         Milan Lucic              Drew Stafford            40     1   2  2  
 2 Stephen Weiss            Mike Cammalleri          Jakob Silfverberg        30     1   2  2  
 3 Valtteri Filppula        Chris Bourque            Gustav Nyquist           20     1   2  2  
 4 Artem Anisimov           Nick Foligno             Matt Read                10     1   2  2  

5 vs 5 Defense 
   Defense                  Defense                                           Time % Phy DF OF 
 1 Cam Barker               Ryan Suter                                        40     1   2  2  
 2 Mark Fistric             Staffan Kronwall                                  30     1   2  2  
 3 Alexei Emelin            Staffan Kronwall                                  20     1   2  2  
 4 Cam Barker               Mark Fistric                                      10     1   2  2  

PowerPlay Forward 
   Center                   Left Wing                Right Wing               Time % Phy DF OF 
 1 Patrice Bergeron         Milan Lucic              Drew Stafford            60     1   2  2  
 2 Stephen Weiss            Mike Cammalleri          Jakob Silfverberg        40     1   2  2  

PowerPlay Defense
   Defense                  Defense                                           Time % Phy DF OF 
 1 Cam Barker               Mark Fistric                                      60     1   2  2  
 2 Matt Greene              Ryan Suter                                        40     1   2  2  

Penalty Kill 4 Players Forward 
   Center                   Wing                     Time % Phy DF OF 
 1 Valtteri Filppula        Nick Foligno             60     1   2  2  
 2 Artem Anisimov           Matt Read                40     1   2  2  

Penalty Kill 4 Players Defense
   Defense                  Defense                  Time % Phy DF OF 
 1 Cam Barker               Matt Greene              60     1   2  2  
 2 Mark Fistric             Alexei Emelin            40     1   2  2  

Penalty Kill - 3 Players Forward 
   Forward                                           Time % Phy DF OF 
 1 Matt Read                                         60     1   2  2  
 2 Nick Foligno                                      40     1   2  2  

Penalty Kill - 3 Players Defense
   Defense                  Defense                  Time % Phy DF OF 
 1 Cam Barker               Matt Greene              60     1   2  2  
 2 Mark Fistric             Alexei Emelin            40     1   2  2  

4 vs 4 Forward 
   Center                   Wing                     Time % Phy DF OF 
 1 Patrice Bergeron         Milan Lucic              60     1   2  2  
 2 Stephen Weiss            Jakob Silfverberg        40     1   2  2  

4 vs 4 Defense
   Defense                  Defense                  Time % Phy DF OF 
 1 Cam Barker               Ryan Suter               60     1   2  2  
 2 Mark Fistric             Matt Greene              40     1   2  2  

Last Minutes Offensive
   Center                   Left Wing                Right Wing               Defense                  Defense                  
   Patrice Bergeron         Milan Lucic              Jakob Silfverberg        Cam Barker               Drew Stafford            

Last Minutes Defensive
   Center                   Left Wing                Right Wing               Defense                  Defense                  
   Patrice Bergeron         Nick Foligno             Matt Read                Cam Barker               Mark Fistric             

Goaltenders
Starting : Hannu Toivonen           
Backup : Henrik Lundqvist         

Extra Forwards
Normal : Artem Anisimov, Valtteri Filppula, Milan Lucic - PP : Jakob Silfverberg, Patrice Bergeron - PK : Patrice Bergeron
Extra Defensemen
Normal : Matt Greene, Ryan Suter, Cam Barker - PP : Ryan Suter - PK : Alexei Emelin, Matt Greene
Penalty Shots
Patrice Bergeron, Jakob Silfverberg, Milan Lucic, Stephen Weiss, Valtteri Filppula

% Time on Ice - Flames

Lines # - Real PCT - Wanted PCT - Time Play
Normal Forward
1 - 35% - 39% - 15:37
2 - 29% - 30% - 13:13
3 - 21% - 21% - 9:22
4 - 15% - 10% - 6:43
Normal Defense
1 - 41% - 40% - 18:30
2 - 32% - 30% - 14:15
3 - 19% - 20% - 8:41
4 - 8% - 10% - 3:29
PP Forward
1 - 67% - 60% - 3:29
2 - 33% - 40% - 1:43
PP Defense
1 - 68% - 60% - 3:31
2 - 32% - 40% - 1:41
PK Forward
1 - 70% - 60% - 6:31
2 - 30% - 40% - 2:47
PK Defense
1 - 53% - 60% - 4:54
2 - 47% - 40% - 4:24
PK3 Forward
1 - 100% - 60% - 0:35
2 - 0% - 40% - 0:00
PK3 Defense
1 - 71% - 60% - 0:25
2 - 29% - 40% - 0:10
44 Forward
1 - 0% - 60%
2 - 0% - 40%
44 Defense
1 - 0% - 60%
2 - 0% - 40%
Last Minute Offensive  - 0:00
Last Minute Defensive  - 0:00
Total
Forward - 60:00
Defense - 60:00

% Time on Ice - Rangers

Lines # - Real PCT - Wanted PCT - Time Play
Normal Forward
1 - 37% - 40% - 16:32
2 - 28% - 30% - 12:33
3 - 21% - 20% - 9:29
4 - 14% - 10% - 6:21
Normal Defense
1 - 45% - 40% - 20:16
2 - 32% - 30% - 14:18
3 - 18% - 20% - 8:15
4 - 5% - 10% - 2:06
PP Forward
1 - 55% - 60% - 5:24
2 - 45% - 40% - 4:29
PP Defense
1 - 65% - 60% - 6:26
2 - 35% - 40% - 3:27
PK Forward
1 - 71% - 60% - 3:43
2 - 29% - 40% - 1:29
PK Defense
1 - 54% - 60% - 2:47
2 - 46% - 40% - 2:25
PK3 Forward
1 - 0% - 60%
2 - 0% - 40%
PK3 Defense
1 - 0% - 60%
2 - 0% - 40%
44 Forward
1 - 0% - 60%
2 - 0% - 40%
44 Defense
1 - 0% - 60%
2 - 0% - 40%
Last Minute Offensive  - 0:00
Last Minute Defensive  - 0:00
Total
Forward - 60:00
Defense - 60:00

Play by Play

1st period


0:01 of 1st period - Eric Staal wins face-off versus Patrice Bergeron in neutral zone.
0:26 of 1st period - Steve Eminger is hit by Stephen Weiss and loses puck.
1:42 of 1st period - Minor Penalty to Stephen Weiss for Holding.
1:43 of 1st period - Eric Staal wins face-off versus Valtteri Filppula in Rangers zone.
1:58 of 1st period - Snap shot by Eric Staal.
1:58 of 1st period - Shot Misses the Net.
2:00 of 1st period - Wrist shot by David Backes.
2:00 of 1st period - Shot Blocked by Valtteri Filppula.
3:42 of 1st period - Penalty to Stephen Weiss is over, Stephen Weiss is back on ice.
4:51 of 1st period - Brad Marchand is hit by Alexei Emelin and loses puck.
5:03 of 1st period - Icing by Alexei Emelin.
5:04 of 1st period - Stephen Weiss wins face-off versus Steve Regier in Rangers zone.
5:21 of 1st period - Mike Cammalleri is hit by Jordin Tootoo.
5:25 of 1st period - Snap shot by Brad Marchand.
5:25 of 1st period - Stopped by Hannu Toivonen without a rebound.
5:26 of 1st period - Patrice Bergeron wins face-off versus Patrik Berglund in Rangers zone.
5:37 of 1st period - Slapshot by Brad Marchand.
5:37 of 1st period - Goal by Brad Marchand - Flames : 1 - Rangers : 0.
5:38 of 1st period - Alexander Semin wins face-off versus Drew Stafford in neutral zone.
5:45 of 1st period - Slapshot by Patrice Bergeron.
5:45 of 1st period - Deflect By Alexander Semin.
5:45 of 1st period - Shot Misses the Net.
5:45 of 1st period - Puck is out of play.
5:46 of 1st period - Eric Staal wins face-off versus Drew Stafford in Flames zone.
6:01 of 1st period - Snap shot by David Backes.
6:01 of 1st period - Stopped by Hannu Toivonen without a rebound.
6:02 of 1st period - Valtteri Filppula wins face-off versus Patrik Berglund in Rangers zone.
6:13 of 1st period - Wrist shot by Valtteri Filppula.
6:13 of 1st period - Stopped by Pekka Rinne with a rebound.
6:15 of 1st period - Slapshot by Mark Fistric.
6:15 of 1st period - Stopped by Pekka Rinne without a rebound.
6:16 of 1st period - Patrice Bergeron wins face-off versus Eric Staal in Flames zone.
6:51 of 1st period - Icing by Cam Barker.
6:52 of 1st period - Eric Staal wins face-off versus Patrice Bergeron in Rangers zone.
7:05 of 1st period - Slapshot by Patrice Bergeron.
7:05 of 1st period - Shot Blocked by Eric Staal.
7:07 of 1st period - Slapshot by Drew Stafford.
7:07 of 1st period - Deflect By Milan Lucic.
7:07 of 1st period - Stopped by Pekka Rinne with a rebound.
7:09 of 1st period - Slapshot by Drew Stafford.
7:09 of 1st period - Shot Misses the Net.
7:17 of 1st period - Snap shot by Patrice Bergeron.
7:17 of 1st period - Stopped by Pekka Rinne with a rebound.
7:19 of 1st period - Wrist shot by Drew Stafford.
7:19 of 1st period - Stopped by Pekka Rinne with a rebound.
7:21 of 1st period - Snap shot by Patrice Bergeron.
7:21 of 1st period - Stopped by Pekka Rinne with a rebound.
7:25 of 1st period - Snap shot by Patrice Bergeron.
7:25 of 1st period - Stopped by Pekka Rinne with a rebound.
7:43 of 1st period - Wrist shot by Patrice Bergeron.
7:43 of 1st period - Stopped by Pekka Rinne with a rebound.
7:45 of 1st period - Snap shot by Patrice Bergeron.
7:45 of 1st period - Goal by Patrice Bergeron - Flames : 1 - Rangers : 1.
7:46 of 1st period - Stephen Weiss wins face-off versus Marcel Goc in neutral zone.
7:48 of 1st period - Off-side.
7:49 of 1st period - Stephen Weiss wins face-off versus Marcel Goc in neutral zone.
7:54 of 1st period - Erik Johnson is hit by Alexei Emelin and loses puck.
8:36 of 1st period - Robyn Regehr is hit by Stephen Weiss and loses puck.
8:43 of 1st period - Wrist shot by Jakob Silfverberg.
8:43 of 1st period - Stopped by Pekka Rinne without a rebound.
8:44 of 1st period - Valtteri Filppula wins face-off versus Patrik Berglund in Flames zone.
8:45 of 1st period - Snap shot by Gustav Nyquist.
8:45 of 1st period - Shot Misses the Net.
8:53 of 1st period - Backhand shot by Brad Marchand.
8:53 of 1st period - Stopped by Hannu Toivonen with a rebound.
8:55 of 1st period - Snap shot by Patrik Berglund.
8:55 of 1st period - Goal by Patrik Berglund - Flames : 2 - Rangers : 1.
8:56 of 1st period - Eric Staal wins face-off versus Valtteri Filppula in neutral zone.
9:06 of 1st period - Off-side.
9:07 of 1st period - Marcel Goc wins face-off versus Valtteri Filppula in neutral zone.
9:10 of 1st period - Wrist shot by Marcel Goc.
9:10 of 1st period - Shot Blocked by Valtteri Filppula.
9:12 of 1st period - Wrist shot by Tomas Kaberle.
9:12 of 1st period - Stopped by Hannu Toivonen with a rebound.
9:14 of 1st period - Slapshot by Michel Ouellet.
9:14 of 1st period - Shot Misses the Net.
9:16 of 1st period - Backhand shot by Ron Hainsey.
9:16 of 1st period - Shot Blocked by Staffan Kronwall.
9:18 of 1st period - Snap shot by Michel Ouellet.
9:18 of 1st period - Shot Blocked by Mark Fistric.
9:38 of 1st period - Slapshot by Eric Staal.
9:38 of 1st period - Shot Misses the Net.
9:40 of 1st period - Wrist shot by David Backes.
9:40 of 1st period - Shot Blocked by Jakob Silfverberg.
9:42 of 1st period - Wrist shot by Ron Hainsey.
9:42 of 1st period - Stopped by Hannu Toivonen with a rebound.
9:44 of 1st period - Slapshot by Ron Hainsey.
9:44 of 1st period - Shot Misses the Net.
9:54 of 1st period - Patrik Berglund is hit by Milan Lucic and loses puck.
9:59 of 1st period - Snap shot by Patrice Bergeron.
9:59 of 1st period - Stopped by Pekka Rinne with a rebound.
10:01 of 1st period - Slapshot by Mark Fistric.
10:01 of 1st period - Stopped by Pekka Rinne without a rebound.
10:02 of 1st period - Marcel Goc wins face-off versus Patrice Bergeron in Flames zone.
10:15 of 1st period - Snap shot by Marcel Goc.
10:15 of 1st period - Stopped by Hannu Toivonen without a rebound.
10:16 of 1st period - Stephen Weiss wins face-off versus Eric Staal in Rangers zone.
11:32 of 1st period - Snap shot by Cam Barker.
11:32 of 1st period - Stopped by Pekka Rinne without a rebound.
11:33 of 1st period - Mike Cammalleri wins face-off versus Eric Staal in Flames zone.
11:42 of 1st period - Slapshot by Jakob Silfverberg.
11:42 of 1st period - Shot Misses the Net.
11:44 of 1st period - Slapshot by Mark Fistric.
11:44 of 1st period - Stopped by Pekka Rinne with a rebound.
11:46 of 1st period - Snap shot by Mark Fistric.
11:46 of 1st period - Shot Misses the Net.
12:36 of 1st period - Minor Penalty to Erik Johnson for High sticking.
12:37 of 1st period - Patrice Bergeron wins face-off versus Marcel Goc in Flames zone.
14:36 of 1st period - Penalty to Erik Johnson is over, Erik Johnson is back on ice.
14:47 of 1st period - Slapshot by Brad Marchand.
14:47 of 1st period - Shot Blocked by Staffan Kronwall.
14:55 of 1st period - Snap shot by Valtteri Filppula.
14:55 of 1st period - Stopped by Pekka Rinne with a rebound.
14:57 of 1st period - Slapshot by Staffan Kronwall.
14:57 of 1st period - Deflect By Valtteri Filppula.
14:57 of 1st period - Shot Blocked by Robyn Regehr.
14:57 of 1st period - Puck is out of play.
14:58 of 1st period - Colin Wilson wins face-off versus Artem Anisimov in Flames zone.
14:58 of 1st period - Colin Wilson is hit by Alexei Emelin.
15:24 of 1st period - Mark Bell is hit by Valtteri Filppula and loses puck.
15:31 of 1st period - Wrist shot by Chris Bourque.
15:31 of 1st period - Stopped by Pekka Rinne with a rebound.
16:02 of 1st period - Wrist shot by Eric Staal.
16:02 of 1st period - Stopped by Hannu Toivonen with a rebound.
16:23 of 1st period - Alexei Emelin is hit by Steve Eminger and loses puck.
16:29 of 1st period - Off-side.
16:30 of 1st period - Patrice Bergeron wins face-off versus Eric Staal in neutral zone.
17:31 of 1st period - Snap shot by Valtteri Filppula.
17:31 of 1st period - Stopped by Pekka Rinne with a rebound.
17:48 of 1st period - Ron Hainsey is hit by Staffan Kronwall and loses puck.
18:11 of 1st period - Alexander Semin is hit by Patrice Bergeron and loses puck.
19:17 of 1st period - Slapshot by Noah Welch.
19:17 of 1st period - Stopped by Hannu Toivonen with a rebound.
19:19 of 1st period - Snap shot by Mark Bell.
19:19 of 1st period - Shot Blocked by Cam Barker.
19:21 of 1st period - Wrist shot by Colin Wilson.
19:21 of 1st period - Shot Misses the Net.
19:39 of 1st period - Wrist shot by Drew Stafford.
19:39 of 1st period - Deflect By Milan Lucic.
19:39 of 1st period - Shot Misses the Net.
19:39 of 1st period - Puck is out of play.
19:40 of 1st period - Eric Staal wins face-off versus Patrice Bergeron in Flames zone.
19:40 of 1st period - Eric Staal is hit by Milan Lucic.
19:49 of 1st period - Off-side.
19:50 of 1st period - Patrice Bergeron wins face-off versus Eric Staal in neutral zone.
Goals for this period are 2 for Flames vs 1 for Rangers.
Shots for this period are 10 for Flames vs 17 for Rangers.

2nd period


0:01 of 2nd period - Eric Staal wins face-off versus Patrice Bergeron in neutral zone.
0:36 of 2nd period - Derek Meech is hit by Milan Lucic.
0:46 of 2nd period - Snap shot by Patrice Bergeron.
0:46 of 2nd period - Shot Misses the Net.
0:49 of 2nd period - Icing by Steve Eminger.
0:50 of 2nd period - Michel Ouellet wins face-off versus Stephen Weiss in Flames zone.
1:32 of 2nd period - Wrist shot by Jakob Silfverberg.
1:32 of 2nd period - Shot Blocked by Derek Meech.
1:38 of 2nd period - Slapshot by Derek Meech.
1:38 of 2nd period - Stopped by Hannu Toivonen with a rebound.
1:40 of 2nd period - Wrist shot by Michel Ouellet.
1:40 of 2nd period - Stopped by Hannu Toivonen without a rebound.
1:41 of 2nd period - Valtteri Filppula wins face-off versus Patrik Berglund in Rangers zone.
1:58 of 2nd period - Off-side.
1:59 of 2nd period - Patrice Bergeron wins face-off versus Eric Staal in neutral zone.
2:38 of 2nd period - Slapshot by Cam Barker.
2:38 of 2nd period - Shot Blocked by Brad Marchand.
2:44 of 2nd period - Minor Penalty to Erik Johnson for Hooking.
2:45 of 2nd period - Marcel Goc wins face-off versus Patrice Bergeron in Flames zone.
3:10 of 2nd period - Wrist shot by Jakob Silfverberg.
3:10 of 2nd period - Stopped by Pekka Rinne with a rebound.
3:12 of 2nd period - Snap shot by Stephen Weiss.
3:12 of 2nd period - Stopped by Pekka Rinne without a rebound.
3:13 of 2nd period - Marcel Goc wins face-off versus Stephen Weiss in Flames zone.
3:46 of 2nd period - Off-side.
3:47 of 2nd period - Eric Staal wins face-off versus Patrice Bergeron in neutral zone.
4:08 of 2nd period - Minor Penalty to Alexander Semin for Interference.
4:09 of 2nd period - Patrice Bergeron wins face-off versus Eric Staal in Flames zone.
4:10 of 2nd period - Slapshot by Milan Lucic.
4:10 of 2nd period - Shot Misses the Net.
4:12 of 2nd period - Snap shot by Milan Lucic.
4:12 of 2nd period - Stopped by Pekka Rinne with a rebound.
4:14 of 2nd period - Slapshot by Cam Barker.
4:14 of 2nd period - Stopped by Pekka Rinne with a rebound.
4:16 of 2nd period - Wrist shot by Drew Stafford.
4:16 of 2nd period - Stopped by Pekka Rinne with a rebound.
4:44 of 2nd period - Penalty to Erik Johnson is over, Erik Johnson is back on ice.
5:18 of 2nd period - Backhand shot by Jakob Silfverberg.
5:18 of 2nd period - Deflect By Mike Cammalleri.
5:18 of 2nd period - Shot Misses the Net.
5:18 of 2nd period - Puck is out of play.
5:19 of 2nd period - Milan Lucic wins face-off versus Marcel Goc in Flames zone.
5:50 of 2nd period - Slapshot by Erik Johnson.
5:50 of 2nd period - Shot Misses the Net.
6:08 of 2nd period - Penalty to Alexander Semin is over, Alexander Semin is back on ice.
6:19 of 2nd period - Steve Eminger is hit by Cam Barker and loses puck.
6:36 of 2nd period - Staffan Kronwall is hit by David Backes and loses puck.
7:06 of 2nd period - Wrist shot by Valtteri Filppula.
7:06 of 2nd period - Stopped by Pekka Rinne with a rebound.
7:59 of 2nd period - Minor Penalty to Tomas Kaberle for Holding.
8:00 of 2nd period - Patrice Bergeron wins face-off versus Jordin Tootoo in Flames zone.
9:03 of 2nd period - Ryan Suter is hit by Marcel Goc and loses puck.
9:16 of 2nd period - Stephen Weiss is hit by Eric Staal and loses puck.
9:59 of 2nd period - Penalty to Tomas Kaberle is over, Tomas Kaberle is back on ice.
10:03 of 2nd period - Marcel Goc is hit by Chris Bourque.
10:25 of 2nd period - Matt Greene is hit by Noah Welch and loses puck.
10:54 of 2nd period - Alexander Semin is hit by Matt Greene and loses puck.
11:20 of 2nd period - Snap shot by Brad Marchand.
11:20 of 2nd period - Stopped by Hannu Toivonen without a rebound.
11:21 of 2nd period - Patrik Berglund wins face-off versus Stephen Weiss in Rangers zone.
12:06 of 2nd period - Backhand shot by Colin Wilson.
12:06 of 2nd period - Shot Misses the Net.
12:28 of 2nd period - Snap shot by Patrik Berglund.
12:28 of 2nd period - Stopped by Hannu Toivonen with a rebound.
12:38 of 2nd period - Robyn Regehr is hit by Mike Cammalleri and loses puck.
12:59 of 2nd period - Patrice Bergeron is hit by Robyn Regehr and loses puck.
13:27 of 2nd period - Wrist shot by Chris Bourque.
13:27 of 2nd period - Deflect By Gustav Nyquist.
13:27 of 2nd period - Stopped by Pekka Rinne without a rebound.
13:28 of 2nd period - Patrice Bergeron wins face-off versus Patrik Berglund in Flames zone.
13:42 of 2nd period - Mark Fistric is hit by Patrik Berglund and loses puck.
13:53 of 2nd period - Snap shot by David Backes.
13:53 of 2nd period - Goal by David Backes - Flames : 3 - Rangers : 1.
13:54 of 2nd period - Patrice Bergeron wins face-off versus Eric Staal in neutral zone.
13:59 of 2nd period - Slapshot by Cam Barker.
13:59 of 2nd period - Shot Misses the Net.
14:01 of 2nd period - Slapshot by Drew Stafford.
14:01 of 2nd period - Stopped by Pekka Rinne with a rebound.
14:03 of 2nd period - Slapshot by Milan Lucic.
14:03 of 2nd period - Shot Blocked by Steve Eminger.
14:05 of 2nd period - Snap shot by Drew Stafford.
14:05 of 2nd period - Stopped by Pekka Rinne with a rebound.
14:07 of 2nd period - Snap shot by Cam Barker.
14:07 of 2nd period - Shot Misses the Net.
14:44 of 2nd period - Michel Ouellet is hit by Chris Bourque and loses puck.
15:09 of 2nd period - Slapshot by Noah Welch.
15:09 of 2nd period - Deflect By Nick Foligno.
15:09 of 2nd period - Shot Hit the Post.
15:09 of 2nd period - Puck is out of play.
15:10 of 2nd period - Patrice Bergeron wins face-off versus Eric Staal in Rangers zone.
15:17 of 2nd period - Wrist shot by Patrice Bergeron.
15:17 of 2nd period - Shot Misses the Net.
15:19 of 2nd period - Slapshot by Ryan Suter.
15:19 of 2nd period - Shot Misses the Net.
15:45 of 2nd period - Wrist shot by Jordin Tootoo.
15:45 of 2nd period - Shot Misses the Net.
16:03 of 2nd period - Slapshot by Michel Ouellet.
16:03 of 2nd period - Stopped by Hannu Toivonen with a rebound.
16:05 of 2nd period - Wrist shot by Steve Regier.
16:05 of 2nd period - Shot Misses the Net.
16:15 of 2nd period - Staffan Kronwall is hit by Derek Meech and loses puck.
16:41 of 2nd period - Icing by Patrik Berglund.
16:42 of 2nd period - Milan Lucic wins face-off versus Patrik Berglund in Flames zone.
16:43 of 2nd period - Snap shot by Patrice Bergeron.
16:43 of 2nd period - Shot Misses the Net.
17:17 of 2nd period - Snap shot by Brad Marchand.
17:17 of 2nd period - Shot Misses the Net.
17:19 of 2nd period - Slapshot by Tomas Kaberle.
17:19 of 2nd period - Shot Blocked by Drew Stafford.
17:21 of 2nd period - Snap shot by Tomas Kaberle.
17:21 of 2nd period - Stopped by Hannu Toivonen with a rebound.
17:23 of 2nd period - Snap shot by Brad Marchand.
17:23 of 2nd period - Shot Blocked by Drew Stafford.
17:25 of 2nd period - Wrist shot by Patrik Berglund.
17:25 of 2nd period - Stopped by Hannu Toivonen with a rebound.
17:27 of 2nd period - Wrist shot by Patrik Berglund.
17:27 of 2nd period - Stopped by Hannu Toivonen without a rebound.
17:28 of 2nd period - Eric Staal wins face-off versus Stephen Weiss in Rangers zone.
17:29 of 2nd period - Wrist shot by Alexander Semin.
17:29 of 2nd period - Shot Misses the Net.
17:31 of 2nd period - Wrist shot by Alexander Semin.
17:31 of 2nd period - Shot Misses the Net.
17:33 of 2nd period - Slapshot by Steve Eminger.
17:33 of 2nd period - Deflect By Eric Staal.
17:33 of 2nd period - Shot Blocked by Stephen Weiss.
17:33 of 2nd period - Puck is out of play.
17:34 of 2nd period - Stephen Weiss wins face-off versus Eric Staal in Rangers zone.
17:47 of 2nd period - Wrist shot by David Backes.
17:47 of 2nd period - Stopped by Hannu Toivonen without a rebound.
17:48 of 2nd period - Patrice Bergeron wins face-off versus Eric Staal in Rangers zone.
18:13 of 2nd period - Steve Eminger is hit by Stephen Weiss and loses puck.
19:02 of 2nd period - Wrist shot by Valtteri Filppula.
19:02 of 2nd period - Shot Misses the Net.
19:04 of 2nd period - Slapshot by Staffan Kronwall.
19:04 of 2nd period - Stopped by Pekka Rinne with a rebound.
19:42 of 2nd period - David Backes is hit by Mike Cammalleri and loses puck.
19:53 of 2nd period - Nick Foligno is hit by Jordin Tootoo and loses puck.
Goals for this period are 1 for Flames vs 0 for Rangers.
Shots for this period are 10 for Flames vs 10 for Rangers.

3rd period


0:01 of 3rd period - Patrice Bergeron wins face-off versus Eric Staal in neutral zone.
0:31 of 3rd period - Backhand shot by Milan Lucic.
0:31 of 3rd period - Stopped by Pekka Rinne with a rebound.
0:33 of 3rd period - Wrist shot by Milan Lucic.
0:33 of 3rd period - Shot Misses the Net.
0:51 of 3rd period - Brad Marchand is hit by Stephen Weiss and loses puck.
0:56 of 3rd period - Wrist shot by Jakob Silfverberg.
0:56 of 3rd period - Stopped by Pekka Rinne without a rebound.
0:57 of 3rd period - Eric Staal wins face-off versus Stephen Weiss in Flames zone.
0:59 of 3rd period - Minor Penalty to Tomas Kaberle for High sticking.
1:00 of 3rd period - Marcel Goc wins face-off versus Patrice Bergeron in Flames zone.
1:16 of 3rd period - Snap shot by Patrice Bergeron.
1:16 of 3rd period - Shot Blocked by Ron Hainsey.
1:30 of 3rd period - Slapshot by Jakob Silfverberg.
1:30 of 3rd period - Shot Hit the Post.
1:32 of 3rd period - Slapshot by Mark Fistric.
1:32 of 3rd period - Goal by Mark Fistric - Flames : 3 - Rangers : 2.
1:33 of 3rd period - Eric Staal wins face-off versus Patrice Bergeron in neutral zone.
1:55 of 3rd period - Icing by Steve Eminger.
1:56 of 3rd period - Stephen Weiss wins face-off versus Patrik Berglund in Flames zone.
1:57 of 3rd period - Snap shot by Jakob Silfverberg.
1:57 of 3rd period - Stopped by Pekka Rinne with a rebound.
2:11 of 3rd period - Slapshot by Jordin Tootoo.
2:11 of 3rd period - Shot Misses the Net.
2:23 of 3rd period - Alexander Semin is hit by Patrice Bergeron and loses puck.
2:30 of 3rd period - Wrist shot by Drew Stafford.
2:30 of 3rd period - Stopped by Pekka Rinne without a rebound.
2:31 of 3rd period - Stephen Weiss wins face-off versus Patrik Berglund in Flames zone.
2:56 of 3rd period - Patrice Bergeron is hit by David Backes and loses puck.
3:07 of 3rd period - Wrist shot by Drew Stafford.
3:07 of 3rd period - Shot Misses the Net.
3:32 of 3rd period - Minor Penalty to Cam Barker for Interference.
3:33 of 3rd period - Eric Staal wins face-off versus Valtteri Filppula in Rangers zone.
3:59 of 3rd period - Valtteri Filppula is hit by David Backes and loses puck.
4:04 of 3rd period - Snap shot by Eric Staal.
4:04 of 3rd period - Shot Misses the Net.
4:06 of 3rd period - Slapshot by Tomas Kaberle.
4:06 of 3rd period - Stopped by Hannu Toivonen with a rebound.
4:42 of 3rd period - Snap shot by Alexander Semin.
4:42 of 3rd period - Shot Misses the Net.
4:44 of 3rd period - Snap shot by Eric Staal.
4:44 of 3rd period - Shot Misses the Net.
4:46 of 3rd period - Slapshot by Erik Johnson.
4:46 of 3rd period - Goal by Erik Johnson - Flames : 4 - Rangers : 2.
4:47 of 3rd period - Patrik Berglund wins face-off versus Patrice Bergeron in neutral zone.
5:40 of 3rd period - Slapshot by Cam Barker.
5:40 of 3rd period - Shot Blocked by Michel Ouellet.
5:42 of 3rd period - Snap shot by Jakob Silfverberg.
5:42 of 3rd period - Stopped by Pekka Rinne without a rebound.
5:43 of 3rd period - Stephen Weiss wins face-off versus Jordin Tootoo in Flames zone.
5:44 of 3rd period - Slapshot by Jakob Silfverberg.
5:44 of 3rd period - Goal by Jakob Silfverberg - Flames : 4 - Rangers : 3.
5:45 of 3rd period - Patrice Bergeron wins face-off versus Eric Staal in neutral zone.
5:50 of 3rd period - Wrist shot by Mark Fistric.
5:50 of 3rd period - Shot Hit the Post.
6:00 of 3rd period - Snap shot by Patrice Bergeron.
6:00 of 3rd period - Shot Misses the Net.
6:02 of 3rd period - Minor Penalty to Eric Staal for Boarding.
6:03 of 3rd period - Patrice Bergeron wins face-off versus Marcel Goc in Flames zone.
6:06 of 3rd period - Snap shot by Patrice Bergeron.
6:06 of 3rd period - Stopped by Pekka Rinne without a rebound.
6:07 of 3rd period - Marcel Goc wins face-off versus Patrice Bergeron in Flames zone.
8:02 of 3rd period - Penalty to Eric Staal is over, Eric Staal is back on ice.
8:06 of 3rd period - Jordin Tootoo is hit by Chris Bourque and loses puck.
8:21 of 3rd period - Wrist shot by Jordin Tootoo.
8:21 of 3rd period - Stopped by Hannu Toivonen without a rebound.
8:22 of 3rd period - Marcel Goc wins face-off versus Artem Anisimov in Rangers zone.
8:25 of 3rd period - Backhand shot by Michel Ouellet.
8:25 of 3rd period - Stopped by Hannu Toivonen without a rebound.
8:26 of 3rd period - Marcel Goc wins face-off versus Artem Anisimov in Rangers zone.
8:27 of 3rd period - Wrist shot by Michel Ouellet.
8:27 of 3rd period - Stopped by Hannu Toivonen with a rebound.
8:29 of 3rd period - Slapshot by Robyn Regehr.
8:29 of 3rd period - Deflect By Steve Regier.
8:29 of 3rd period - Shot Misses the Net.
8:29 of 3rd period - Puck is out of play.
8:30 of 3rd period - Artem Anisimov wins face-off versus Marcel Goc in Rangers zone.
8:37 of 3rd period - Snap shot by Matt Read.
8:37 of 3rd period - Deflect By Robyn Regehr.
8:37 of 3rd period - Stopped by Pekka Rinne without a rebound.
8:38 of 3rd period - Eric Staal wins face-off versus Milan Lucic in Flames zone.
8:51 of 3rd period - Snap shot by David Backes.
8:51 of 3rd period - Stopped by Hannu Toivonen without a rebound.
8:52 of 3rd period - Stephen Weiss wins face-off versus Eric Staal in Rangers zone.
9:00 of 3rd period - Slapshot by Cam Barker.
9:00 of 3rd period - Stopped by Pekka Rinne with a rebound.
9:08 of 3rd period - Snap shot by Stephen Weiss.
9:08 of 3rd period - Deflect By Mike Cammalleri.
9:08 of 3rd period - Shot Blocked by Eric Staal.
9:08 of 3rd period - Puck is out of play.
9:09 of 3rd period - Patrice Bergeron wins face-off versus Patrik Berglund in Flames zone.
9:16 of 3rd period - Wrist shot by Patrice Bergeron.
9:16 of 3rd period - Stopped by Pekka Rinne with a rebound.
9:20 of 3rd period - Snap shot by Milan Lucic.
9:20 of 3rd period - Stopped by Pekka Rinne without a rebound.
9:21 of 3rd period - Patrice Bergeron wins face-off versus Eric Staal in Flames zone.
9:36 of 3rd period - Slapshot by Milan Lucic.
9:36 of 3rd period - Stopped by Pekka Rinne without a rebound.
9:37 of 3rd period - Stephen Weiss wins face-off versus Patrik Berglund in Flames zone.
9:46 of 3rd period - Wrist shot by Jakob Silfverberg.
9:46 of 3rd period - Stopped by Pekka Rinne without a rebound.
9:47 of 3rd period - Stephen Weiss wins face-off versus Patrik Berglund in Flames zone.
9:54 of 3rd period - Wrist shot by Jakob Silfverberg.
9:54 of 3rd period - Shot Misses the Net.
9:56 of 3rd period - Slapshot by Mark Fistric.
9:56 of 3rd period - Shot Blocked by Derek Meech.
9:58 of 3rd period - Slapshot by Staffan Kronwall.
9:58 of 3rd period - Stopped by Pekka Rinne with a rebound.
10:16 of 3rd period - Snap shot by Stephen Weiss.
10:16 of 3rd period - Shot Misses the Net.
10:48 of 3rd period - Backhand shot by Stephen Weiss.
10:48 of 3rd period - Stopped by Pekka Rinne without a rebound.
10:49 of 3rd period - Eric Staal wins face-off versus Patrice Bergeron in Flames zone.
11:02 of 3rd period - Slapshot by Cam Barker.
11:02 of 3rd period - Shot Misses the Net.
11:04 of 3rd period - Slapshot by Cam Barker.
11:04 of 3rd period - Shot Blocked by Robyn Regehr.
11:35 of 3rd period - Tomas Kaberle is hit by Matt Read and loses puck.
12:22 of 3rd period - Slapshot by Steve Regier.
12:22 of 3rd period - Stopped by Hannu Toivonen without a rebound.
12:23 of 3rd period - Michel Ouellet wins face-off versus Valtteri Filppula in Rangers zone.
12:24 of 3rd period - Wrist shot by Marcel Goc.
12:24 of 3rd period - Stopped by Hannu Toivonen without a rebound.
12:25 of 3rd period - Marcel Goc wins face-off versus Valtteri Filppula in Rangers zone.
12:26 of 3rd period - Snap shot by Michel Ouellet.
12:26 of 3rd period - Goal by Michel Ouellet - Flames : 5 - Rangers : 3.
12:27 of 3rd period - Eric Staal wins face-off versus Patrice Bergeron in neutral zone.
12:30 of 3rd period - Snap shot by Alexander Semin.
12:30 of 3rd period - Stopped by Hannu Toivonen with a rebound.
12:32 of 3rd period - Wrist shot by Alexander Semin.
12:32 of 3rd period - Shot Misses the Net.
12:34 of 3rd period - Slapshot by Steve Eminger.
12:34 of 3rd period - Deflect By David Backes.
12:34 of 3rd period - Stopped by Hannu Toivonen with a rebound.
12:36 of 3rd period - Wrist shot by Eric Staal.
12:36 of 3rd period - Stopped by Hannu Toivonen without a rebound.
12:37 of 3rd period - Patrice Bergeron wins face-off versus Eric Staal in Rangers zone.
12:37 of 3rd period - Patrice Bergeron is hit by Eric Staal.
13:26 of 3rd period - Slapshot by Derek Meech.
13:26 of 3rd period - Stopped by Hannu Toivonen without a rebound.
13:27 of 3rd period - Stephen Weiss wins face-off versus Patrik Berglund in Rangers zone.
13:56 of 3rd period - Slapshot by Noah Welch.
13:56 of 3rd period - Shot Misses the Net.
13:58 of 3rd period - Slapshot by Tomas Kaberle.
13:58 of 3rd period - Stopped by Hannu Toivonen with a rebound.
14:12 of 3rd period - Minor Penalty to Jakob Silfverberg for Tripping.
14:13 of 3rd period - Eric Staal wins face-off versus Valtteri Filppula in Rangers zone.
14:24 of 3rd period - Snap shot by Eric Staal.
14:24 of 3rd period - Shot Blocked by Nick Foligno.
14:26 of 3rd period - Backhand shot by Tomas Kaberle.
14:26 of 3rd period - Stopped by Hannu Toivonen without a rebound.
14:27 of 3rd period - Eric Staal wins face-off versus Valtteri Filppula in Rangers zone.
14:54 of 3rd period - Michel Ouellet is hit by Nick Foligno and loses puck.
15:57 of 3rd period - Erik Johnson is hit by Cam Barker and loses puck.
16:12 of 3rd period - Penalty to Jakob Silfverberg is over, Jakob Silfverberg is back on ice.
16:56 of 3rd period - Jakob Silfverberg is hit by Jordin Tootoo and loses puck.
17:12 of 3rd period - Icing by Ryan Suter.
17:13 of 3rd period - Alexander Semin wins face-off versus Stephen Weiss in Rangers zone.
17:40 of 3rd period - Snap shot by Gustav Nyquist.
17:40 of 3rd period - Stopped by Pekka Rinne with a rebound.
17:56 of 3rd period - Artem Anisimov is hit by Alexander Semin and loses puck.
18:14 of 3rd period - Icing by Artem Anisimov.
18:15 of 3rd period - Artem Anisimov wins face-off versus Jordin Tootoo in Rangers zone.
18:15 of 3rd period - Artem Anisimov is hit by Erik Johnson.
18:45 of 3rd period - Backhand shot by Staffan Kronwall.
18:45 of 3rd period - Stopped by Pekka Rinne without a rebound.
18:46 of 3rd period - Marcel Goc wins face-off versus Valtteri Filppula in Flames zone.
18:54 of 3rd period - Off-side.
18:55 of 3rd period - Valtteri Filppula wins face-off versus Marcel Goc in neutral zone.
18:57 of 3rd period - Cam Barker is hit by Steve Eminger and loses puck.
19:00 of 3rd period - Slapshot by Ryan Suter.
19:00 of 3rd period - Stopped by Pekka Rinne without a rebound.
19:01 of 3rd period - Marcel Goc wins face-off versus Valtteri Filppula in Flames zone.
19:12 of 3rd period - Snap shot by Steve Regier.
19:12 of 3rd period - Shot Misses the Net.
Goals for this period are 2 for Flames vs 2 for Rangers.
Shots for this period are 15 for Flames vs 19 for Rangers.